 Dungeon Crawl Stone Soup version 0.30-a0-782-ge64f9170bb (webtiles) character file.

Game seed: 2042283045648755627

2281 Ijustatesigmund the Cleaver (level 9, -3/82 HPs)
             Began as a Hill Orc Fighter on Feb 24, 2023.
             Was an Initiate of Ashenzari.
             Slain by Maggie
             ... wielding a +5 heavy broad axe
              (16 damage)
             ... on level 6 of the Dungeon.
             The game lasted 00:09:55 (5789 turns).

Ijustatesigmund the Cleaver (Hill Orc Fighter)      Turns: 5789, Time: 00:09:55

Health: -3/82      AC: 14    Str: 31    XL:     9   Next: 39%
Magic:  9/9        EV:  8    Int: 12    God:    Ashenzari [......]
Gold:   421        SH:  4    Dex: 10    Spells: 8/8 levels left

rFire   . . .      SeeInvis .    a - +3 war axe
rCold   . . .      Faith    .    c - +0 buckler
rNeg    . . .      Spirit   .    b - +0 chain mail
rPois   .          Reflect  .    h - +0 helmet "Cursed Doubts" {Evo, Cun} (curse)
rElec   .          Harm     .    v - +0 cloak
rCorr   .          Rampage  .    (no gloves)
Will    .....                    s - +0 pair of boots Stlth
                                 e - amulet of magic regeneration
HPRegen 0.33/turn                g - +6 ring of strength
MPRegen 0.51/turn                m - +6 ring of strength

@: mighty, mesmerised
A: no striking features
a: Renounce Religion, Curse Item, Shatter the Chains


You were on level 6 of the Dungeon.
You worshipped Ashenzari.
Ashenzari was noncommittal.
You visited 2 branches of the dungeon, and saw 7 of its levels.
You also visited: Sewer.

You collected 421 gold pieces.

Inventory:

Hand Weapons
 a - a +3 war axe (weapon)
Armour
 b - a +0 chain mail (worn)
 c - a +0 buckler (worn)
 h - the cursed +0 helmet "Cursed Doubts" (worn) {Evo, Cun}
   (You found it on level 1 of the Dungeon)

   It has a curse which improves the following skills: Evocations: Evocations.
   Cunning:   Dodging and Stealth.
 s - a +0 pair of boots (worn)
 v - a +0 cloak (worn)
Jewellery
 e - an amulet of magic regeneration (around neck)
 g - a +6 ring of strength (left hand)
 m - a +6 ring of strength (right hand)
 q - a ring of see invisible
 t - a ring of willpower
Wands
 w - a wand of flame (26)
Scrolls
 n - 2 scrolls of teleportation
Potions
 d - 2 potions of lignification
 i - a potion of curing
 k - 2 potions of brilliance {unknown}
 l - a potion of ambrosia
 o - a potion of mutation {unknown}
 p - a potion of cancellation {unknown}
 r - a potion of flight {unknown}
 u - a potion of resistance {unknown}


   Skills:
 + Level 8.7 Fighting
 + Level 10.6 Axes
 + Level 8.0 Armour
 - Level 3.2 Shields


You had 8 spell levels left.
You didn't know any spells.
Your spell library contained the following spells:

 Spells                   Type           Power      Damage    Failure   Level
 Apportation              Tloc           0%         N/A       87%         1
 Necrotise                Necr           0%         1d4       87%         1
 Sandblast                Erth           0%         2d4       87%         1
 Summon Small Mammal      Summ           0%         N/A       87%         1
 Blink                    Tloc           0%         N/A       95%         2
 Cigotuvi's Dreadful Rot  Necr/Pois/Air  0%         N/A       95%         2
 Ensorcelled Hibernation  Hex/Ice        0%         N/A       95%         2
 Lesser Beckoning         Tloc           0%         N/A       95%         2
 Momentum Strike          Conj/Tloc      0%         3d8       95%         2
 Passwall                 Tmut/Erth      0%         N/A       95%         2
 Poisonous Vapours        Pois/Air       0%         N/A       95%         2
 Mephitic Cloud           Conj/Pois/Air  0%         N/A       99%         3
 Spider Form              Tmut/Pois      0%         N/A       99%         3
 Stone Arrow              Conj/Erth      0%         3d7       99%         3
 Anguish                  Hex/Necr       0%         N/A       100%        4
 Animate Armour           Summ/Erth      0%         N/A       100%        4
 Lehudib's Crystal Spear  Conj/Erth      0%         10d2      100%        8
 Chain Lightning          Conj/Air       0%         N/A       100%        9
 Fire Storm               Conj/Fire      0%         5d1       100%        9
 Shatter                  Erth           0%         3d5*      100%        9


Dungeon Overview and Level Annotations

Branches:
Dungeon (6/15)             Temple (1/1) D:4           Sewer (visited)

Altars:
Ashenzari
Dithmenos
Gozag
Hepliaklqana
Kikubaaqudgha
Makhleb
Okawaru
Qazlal
Ru
Sif Muna
Trog
Vehumet
Xom
Yredelemnul
Zin
The Shining One

Annotations:
D:6 Maggie


Message History

Maggie is moderately wounded.
Maggie struggles against the net.
The net rips apart, and Maggie comes free!
Maggie mumbles some strange words.
Maggie attempts to bespell you!
You are mesmerised by Maggie!
You slash Maggie!
Maggie is heavily wounded.
Maggie hits you with a +5 heavy broad axe!
You hit Maggie.
Maggie is heavily wounded.
You hit Maggie but do no damage.
Maggie is heavily wounded.
Maggie hits you with a +5 heavy broad axe!!
You slash Maggie!
Maggie is severely wounded.
Maggie points at you and mumbles some strange words.
The bolt of fire hits you!!
* * * LOW HITPOINT WARNING * * *
You are too injured to fight recklessly!
You are too injured to fight recklessly!
You are too injured to fight recklessly!
You are too injured to fight recklessly!
You are too injured to fight recklessly!
You are too injured to fight recklessly!
You are too injured to fight recklessly!
You are too injured to fight recklessly!
You are too injured to fight recklessly!
You are too injured to fight recklessly!
You are too injured to fight recklessly!
You are too injured to fight recklessly!
You are too injured to fight recklessly!
You feel very mighty all of a sudden. Maggie gestures at you while chanting.
The bolt of fire hits you!
* * * LOW HITPOINT WARNING * * *
You slash Maggie!
Maggie is almost dead.
Maggie hits you with a +5 heavy broad axe!
You die...

.. ...## ......##..# ..#
#.....
##.........##.......#..
#.#....#....##..#..####
##......#.......##.. #
...........##...#..#
......!.........##.##
............#....#..# #
......@@...........#####
.......)................
.............>..##......
................###.....
................# ##....
..#.............##.#....
#..##........[..##.(....
............)...........
##.#.....#....#....#....


You could see Maggie (mesmerising).

Vanquished Creatures
  Sigmund (D:6)
  Eustachio (D:5)
  Duvessa (D:6)
  Pargi (Sewer)
  A black bear (D:6)
  A sky beast (D:6)
  2 ogres
  A centaur (D:4)
  A phantom (D:5)
  A bullfrog (D:4)
  Blork the orc (D:6)
  A necrophage (D:5)
  2 scorpions
  Dowan (D:6)
  A howler monkey (D:4)
  A vampire bat (D:6)
  A hound (D:5)
  4 jellies
  4 orc priests
  Jessica (D:2)
  5 iguanas
  Natasha (thrice) (D:2)
  2 orc wizards
  7 gnolls
  A river rat (D:3)
  12 adders
  2 white imps (D:5)
  An ufetubus (D:6)
  8 worms
  2 dart slugs (D:3)
  17 orcs
  5 bats
  7 endoplasms
  2 giant cockroaches (D:3)
  3 goblins
  10 hobgoblins
  4 quokkas
  6 ball pythons
  6 frilled lizards
  12 kobolds
  12 rats
155 creatures vanquished.

Notes
Turn   | Place    | Note
-------+----------+-------------------------------------------
     0 | D:1      | Ijustatesigmund the Hill Orc Fighter began the quest for
                  | the Orb.
     0 | D:1      | Reached XP level 1. HP: 19/19 MP: 1/1
   151 | D:1      | Reached skill level 3 in Axes
   152 | D:1      | Reached XP level 2. HP: 27/27 MP: 2/2
   892 | D:2      | Reached XP level 3. HP: 33/33 MP: 3/3
   922 | D:2      | Noticed Jessica
   960 | D:2      | Killed Jessica
   961 | D:2      | Reached skill level 4 in Axes
   961 | D:2      | Reached XP level 4. HP: 29/41 MP: 4/4
  1237 | D:2      | Noticed Natasha
  1248 | D:2      | Killed Natasha
  1249 | D:2      | Reached XP level 5. HP: 24/47 MP: 5/5
  1289 | D:2      | Noticed Natasha
  1305 | D:2      | Killed Natasha
  1306 | D:2      | Reached skill level 5 in Fighting
  1505 | D:2      | Noticed Natasha
  1517 | D:2      | Killed Natasha
  1591 | D:2      | Found a faded altar of an unknown god.
  1870 | D:3      | Reached skill level 5 in Axes
  1878 | D:3      | Reached XP level 6. HP: 50/56 MP: 6/6
  1882 | D:3      | Reached skill level 5 in Armour
  2046 | D:3      | Found a glowing drain.
  2055 | Sewer    | Entered a sewer
  2070 | Sewer    | Noticed Pargi
  2080 | Sewer    | Killed Pargi
  2978 | D:4      | Reached skill level 6 in Axes
  2978 | D:4      | Reached XP level 7. HP: 51/62 MP: 7/7
  3060 | D:4      | Found a staircase to the Ecumenical Temple.
  3085 | Temple   | Entered the Ecumenical Temple
  3357 | Temple   | Became a worshipper of Ashenzari the Shackled
  3397 | D:4      | Found a shadowy altar of Dithmenos.
  3405 | D:4      | Found a radiant altar of Vehumet.
  3464 | D:4      | Reached skill level 7 in Axes
  3711 | D:4      | Reached skill level 8 in Axes
  4374 | D:5      | Entered Level 5 of the Dungeon
  4458 | D:5      | Reached XP level 8. HP: 71/71 MP: 8/8
  4833 | D:5      | Reached skill level 9 in Axes
  5079 | D:5      | Noticed Eustachio
  5087 | D:5      | Killed Eustachio
  5343 | D:6      | Noticed Blork the orc
  5354 | D:6      | Killed Blork the orc
  5551 | D:6      | Noticed Duvessa
  5551 | D:6      | Noticed Dowan
  5563 | D:6      | Killed Duvessa
  5564 | D:6      | Reached skill level 10 in Axes
  5564 | D:6      | Reached XP level 9. HP: 74/81 MP: 9/9
  5571 | D:6      | Killed Dowan
  5618 | D:6      | Noticed Sigmund
  5637 | D:6      | Killed Sigmund
  5767 | D:6      | Identified the +0 leather armour of Weirdness {Harm *Slow
                  | rPois Regen+}
  5774 | D:6      | Noticed Maggie
  5789 | D:6      | Slain by Maggie

Illustrated notes

Levels and vault maps discovered:
D:1:      giann_forest_graveyard, layout_basic
D:2:      layout_basic, shapermc_ecumenical_altar_venn, minmay_hexomino_c4,
          uniq_jessica, uniq_natasha
D:3:      layout_basic, gup_sewer_entry_bubbles, hex_tiny, minmay_fountain_box
D:4:      layout_loops_ring, grunt_temple_overflow_open,
          minmay_temple_entry_statues_fountains
D:5:      layout_loops_ring, st_stairs_7, uniq_eustachio
D:6:      layout_cave_pools, roderic_batcave, uniq_duvessa, uniq_blork_the_orc,
          uniq_sigmund, uniq_maggie
Temple:   minmay_temple_curvy_branch

Skill      XL: |  1  2  3  4  5  6  7  8  9 |
---------------+----------------------------+-----
Axes           | 3 4 5 6 8 10 | 10.6
Fighting       | 4 5 6 8 |  8.7
Armour         | 4 5 7 8 |  8.0
Shields        | |  3.2

Action                     |  1- 3 |  4- 6 |  7- 9 || total
---------------------------+-------+-------+-------++-------
  Melee: War axe           |    86 |   192 |   207 ||   485
  Throw: Throwing net      |       |       |     1 ||     1
 Invoke: Curse Item        |       |       |     1 ||     1
    Use: Scroll            |     1 |     5 |     9 ||    15
         Potion            |     1 |     2 |     2 ||     5
   Stab: Held in net/web   |       |       |     1 ||     1
 Armour: Scale mail        |    28 |       |       ||    28
         Chain mail        |    27 |    93 |   100 ||   220
  Dodge: Dodged            |    38 |    78 |    74 ||   190
  Block: Buckler           |    31 |    37 |    42 ||   110

Table legend: (Time is in decaauts)
 A = Elapsed time spent in this place.
 B = Non-inter-level travel time spent in this place.
 C = Inter-level travel time spent in this place.
 D = Time resting spent in this place.
 E = Time spent auto-exploring this place.
 F = Levels seen in this place.
 G = Mean time per level.
                   A        B        C        D        E       F      G
               +--------+--------+--------+--------+--------+-----+--------+
         Total |   5944 |   5768 |    176 |    874 |   3674 |   8 |  743.0 |
       Dungeon |   5455 |   5329 |    126 |    824 |   3333 |   6 |  909.2 |
        Temple |    297 |    248 |     49 |      0 |    246 |   1 |  297.0 |
         Sewer |    191 |    191 |      0 |     50 |     95 |   1 |  191.0 |
               +--------+--------+--------+--------+--------+-----+--------+

Top non-repeatable levels by time:
     D:4: 1155 daAuts
     D:3: 1078 daAuts
     D:5: 974 daAuts
     D:2: 928 daAuts
     D:1: 868 daAuts
     D:6: 449 daAuts
  Temple: 297 daAuts
   Sewer: 191 daAuts
